 Dungeon Crawl Stone Soup version 0.25-a0-743-g84dc20635f (webtiles) character file.

Game seed: 11050741845416131054, levelgen mode: deterministic

2015 Fukker the Slicer (level 9, -6/61 HPs)
             Began as a Demonspawn Wanderer on Apr 13, 2020.
             Was a Believer of Okawaru.
             Killed by nerve-wracking pain
             ... invoked by a shadow imp
              (14 damage)
             ... on level 6 of the Dungeon.
             The game lasted 00:17:26 (6563 turns).

Fukker the Slicer (Demonspawn Wanderer)             Turns: 6563, Time: 00:17:26

Health: -6/61      AC:  7    Str: 15    XL:     9   Next: 2%
Magic:  13/13      EV: 11    Int: 13    God:    Okawaru [**....]
Gold:   246        SH:  6    Dex: 14    Spells: 14/14 levels left

rFire    + . .     SeeInvis .   j - +1 short sword (drain)
rCold    . . .     Gourm    .   (no shield)
rNeg     . . .     Faith    .   l - +0 ring mail
rPois    .         Spirit   .   (no helmet)
rElec    .         Reflect  .   (no cloak)
rCorr    .         Harm     .   (no gloves)
MR       .....                  D - +0 pair of boots
Stlth    +.........             (no amulet)
HPRegen  0.20/turn              (no ring)
MPRegen  0.13/turn              (no ring)

@: lethally poisoned (-6 -> -7)
A: claws 2, large bone plates 2, fire resistance 1, flame cloud immunity
a: Heroism, Renounce Religion


You were on level 6 of the Dungeon.
You worshipped Okawaru.
Okawaru was pleased with you.
You were not hungry.

You visited 2 branches of the dungeon, and saw 7 of its levels.

You collected 246 gold pieces.

Inventory:

Hand Weapons
 a - a +2 hand axe
 b - a +0 mace
 j - a +1 short sword of draining (weapon)
 t - a +0 arbalest
 I - a +5 long sword
Missiles
 e - a javelin
 h - 202 stones
 k - 110 arrows
 q - 92 bolts
 u - 9 boomerangs (quivered)
 G - 21 sling bullets
 H - 15 poisoned darts
Armour
 l - a +0 ring mail (worn)
 D - a +0 pair of boots (worn)
Jewellery
 F - an uncursed ring of stealth
Wands
 c - a wand of random effects (6)
 x - a wand of clouds (4)
Scrolls
 g - 3 scrolls of enchant armour {unknown}
 i - 5 scrolls of teleportation
 n - 2 scrolls of blinking
 p - a scroll of fear {unknown}
 r - 3 scrolls of remove curse
 v - 5 scrolls of identify {unknown}
 w - a scroll of enchant weapon {unknown}
 y - a scroll of fog {unknown}
 C - 4 scrolls of amnesia {unknown}
Potions
 d - a potion of stabbing {unknown}
 m - 3 potions of brilliance {unknown}
 o - a potion of degeneration {unknown}
 s - 2 potions of resistance {unknown}
 z - 2 potions of haste {unknown}
 A - 4 potions of curing {unknown}
 B - a potion of heal wounds {unknown}
 E - a potion of might {unknown}
Comestibles
 f - 11 rations
 J - 4 chunks of flesh


   Skills:
 + Level 2.2 Fighting
 - Level 8.0 Short Blades
 - Level 3.1 Axes
 + Level 2.1 Throwing
 + Level 3.9 Armour
 + Level 1.8 Dodging
 - Level 3.0 Spellcasting
 + Level 5.9 Invocations
 - Level 2.0 Evocations


You had 14 spell levels left.
You didn't know any spells.
Your spell library was empty.

Dungeon Overview and Level Annotations

Branches:
Dungeon (6/15)             Temple (1/1) D:4

Altars:
Ashenzari
Cheibriados
Dithmenos
Elyvilon
Fedhas
Gozag
Okawaru
Qazlal
Sif Muna
Uskayaw
Vehumet
Xom
Zin
The Shining One
Lugonu

Shops:
D:6 !


Innate Abilities, Weirdness & Mutations

You have very sharp fingernails.
You are mostly covered in large bone plates. (SH +6)
Your flesh is heat resistant. (rF+)
You are immune to clouds of flame.


Message History

You block the gnoll's attack. You block the shadow imp's attack.
You closely miss the gnoll.
The gnoll is almost dead.
You barely miss the gnoll.
The gnoll is almost dead.
You feel sick. The shadow imp barely misses you. The gnoll barely misses you.
You hit the gnoll.
You kill the gnoll!
Okawaru accepts your kill. The shadow imp gestures at you.
Pain shoots through your body!
* * * LOW HITPOINT WARNING * * *
You see here an arrow.
Your ring mail prevents you from hitting the shadow imp.
The shadow imp is severely wounded.
You hit the shadow imp.
The shadow imp is almost dead.
The shadow imp gestures at you. Pain shoots through your body!
You die...

# #. ... .... ###
..... #.##
......####.(##
....)..).)5@.##
....#...))##..####
. ##..#.###.##.###
#### #..###
#......###..##
.((.....#...#
#.#..###.....#
.5.........#
###..####...##
[.......#..#
#.....###.##
...∩........
##.....#...#
#[.....#
#........#####


You could see a shadow imp.

Vanquished Creatures
  Pikel (D:5)
  Menkaure (D:5)
  2 orc warriors
  An ogre (D:4)
  A phantom (D:5)
  2 centaurs
  A big kobold (D:4)
  A scorpion (D:4)
  8 wights
  A crimson imp (D:4)
  A centaur zombie (D:5)
  5 orc wizards
  A jelly (D:6)
  Terence (D:3)
  An iguana (D:5)
  2 worker ants (D:4)
  A worker ant zombie (D:5)
  3 gnolls
  6 adders
  3 oozes
  4 worms
  A dart slug (D:2)
  8 orcs
  3 bats
  3 giant cockroaches
  2 goblins
  9 hobgoblins
  9 jackals
  A ball python (D:1)
  7 frilled lizards
  8 kobolds
  5 rats
103 creatures vanquished.

Vanquished Creatures (others)
  A slave (D:5)
  An adder (D:5)
  2 plants (D:4)
4 creatures vanquished.

Grand Total: 107 creatures vanquished

Notes
Turn   | Place    | Note
-------+----------+-------------------------------------------
     0 | D:1      | Fukker the Demonspawn Wanderer began the quest for the Orb.
     0 | D:1      | Fukker set off with the following items: a +2 hand axe, a
                  | +0 mace, a wand of random effects (15), a +0 robe, a ration
     0 | D:1      | Reached XP level 1. HP: 15/15 MP: 4/4
   439 | D:1      | Gained mutation: You have sharp fingernails. [demonic
                  | ancestry]
   439 | D:1      | Reached XP level 2. HP: 11/21 MP: 6/6
  1147 | D:2      | Found a shattered altar of Ashenzari.
  1188 | D:2      | Reached skill level 1 in Short Blades
  1468 | D:2      | Gained mutation: You have very sharp fingernails. [demonic
                  | ancestry]
  1468 | D:2      | Reached XP level 3. HP: 26/26 MP: 7/7
  1505 | D:2      | Reached skill level 2 in Short Blades
  1673 | D:2      | You fall into a shaft and drop 2 floors!
  1765 | D:4      | Noticed an ogre
  1777 | D:4      | Killed an ogre
  1777 | D:4      | Reached skill level 3 in Short Blades
  1777 | D:4      | Reached XP level 4. HP: 32/32 MP: 8/8
  1777 | D:4      | Gained mutation: Your flesh is heat resistant. (rF+)
                  | [demonic ancestry]
  1777 | D:4      | Reached XP level 5. HP: 37/37 MP: 9/9
  1818 | D:4      | Found a staircase to the Ecumenical Temple.
  1825 | Temple   | Entered the Ecumenical Temple
  1939 | D:4      | Noticed an orc warrior
  1990 | D:3      | Noticed Terence
  1993 | D:3      | Killed Terence
  1993 | D:3      | Reached skill level 4 in Short Blades
  2330 | D:3      | Found an opulent altar of Gozag.
  2542 | D:3      | Found a glowing silver altar of Zin.
  3042 | D:4      | Killed an orc warrior
  3042 | D:4      | Reached skill level 5 in Short Blades
  3042 | D:4      | Gained mutation: You are partially covered in large bone
                  | plates. (SH +4) [demonic ancestry]
  3042 | D:4      | Reached XP level 6. HP: 25/43 MP: 10/10
  3366 | D:4      | Found an iron altar of Okawaru.
  3371 | D:4      | Became a worshipper of Warmaster Okawaru
  3666 | D:4      | Reached skill level 6 in Short Blades
  4185 | D:5      | Entered Level 5 of the Dungeon
  4221 | D:5      | Gained mutation: You are immune to clouds of flame.
                  | [demonic ancestry]
  4221 | D:5      | Reached XP level 7. HP: 42/48 MP: 11/11
  4226 | D:5      | Noticed Pikel
  4244 | D:5      | Killed Pikel
  4244 | D:5      | Reached * piety under Okawaru
  4244 | D:5      | Reached skill level 8 in Short Blades
  4507 | D:5      | Noticed Menkaure
  4514 | D:5      | Reached XP level 8. HP: 28/54 MP: 12/12
  4768 | D:5      | Killed Menkaure
  5213 | D:5      | Found a snail-covered altar of Cheibriados.
  5248 | D:5      | Reached skill level 5 in Invocations
  5494 | D:6      | Found Cuicien's Distillery.
  5507 | D:5      | Reached ** piety under Okawaru
  5507 | D:5      | Reached skill level 1 in Dodging
  5642 | D:5      | Reached skill level 1 in Throwing
  5907 | D:6      | HP: 2/55 [orc warrior/stone (14)]
  6527 | D:6      | Gained mutation: You are mostly covered in large bone
                  | plates. (SH +6) [demonic ancestry]
  6527 | D:6      | Reached XP level 9. HP: 53/61 MP: 13/13
  6563 | D:6      | Killed from afar by a shadow imp

Levels and vault maps discovered:
D:1:      dpeg_arrival_short_road, layout_rooms
D:2:      minmay_skewed_foursquare, layout_basic, overflow_temple_1_default
D:3:      layout_rooms, marbit_many_paths, lemuel_coloured_pillars_altar,
          serial_park_tiny_2, chequers_big_river, hex_tiny,
          minmay_curled_crystal, kennysheep_generic_room_9, uniq_terence
D:4:      layout_basic, kennysheep_little_box, minmay_temple_entry_fiery,
          lexackson_kobold_supper
D:5:      layout_cave_pools, overflow_temple_1_default, first_ration,
          uniq_pikel, uniq_menkaure
D:6:      layout_cave_pools, overflow_temple_1_default, serial_shops, shop
Temple:   corrupted_temple

Skill      XL: |  1  2  3  4  5  6  7  8 |
---------------+-------------------------+-----
Axes           | 3 |  3.1
Short Blades   | 1 3 5 6 8 |  8.0
Invocations    | 2 5 |  5.9
Armour         | 3 |  3.9
Dodging        | 1 |  1.8
Throwing       | 2 |  2.1
Fighting       | 2 |  2.2
Spellcasting   | |  3.0
Evocations     | |  2.0

Action                   |  1- 3 |  4- 6 |  7- 9 || total
-------------------------+-------+-------+-------++-------
Melee: Hand axe          |    35 |       |       ||    35
       Short sword       |    73 |   149 |   218 ||   440
       Punch             |       |       |     1 ||     1
Throw: Stone             |       |     8 |     2 ||    10
       Boomerang         |       |       |    21 ||    21
       Javelin           |       |       |     9 ||     9
Invok: Heroism           |       |       |     6 ||     6
Evoke: Wand              |     4 |     5 |     3 ||    12
  Use: Scroll            |       |     3 |       ||     3
 Stab: Paralysed         |     7 |       |       ||     7
       Confused          |       |       |     3 ||     3
  Eat: Chunk             |     3 |     4 |     2 ||     9
       Ration            |       |     1 |     2 ||     3
Armor: Robe              |    10 |       |       ||    10
       Ring mail         |    30 |    41 |    52 ||   123
Dodge: Dodged            |    60 |    61 |    76 ||   197
Block: Other             |       |     9 |    33 ||    42

Table legend:
 A = Non-vault XP
 B = Vault XP
 C = Vault XP percentage of total XP
 D = Non-vault monster count
 E = Vault monster count
 F = Vault count percentage of total count
                 A         B        C        D         E       F
            +---------+---------+-------+---------+---------+-------
      Total |    1933 |     946 |  32.9 |      87 |      16 |  15.5
            +---------+---------+-------+---------+---------+-------
        D:1 |      15 |       0 |   0.0 |      10 |       0 |   0.0
        D:2 |      51 |      25 |  32.9 |      19 |       6 |  24.0
        D:3 |      45 |      39 |  46.4 |      10 |       3 |  23.1
        D:4 |     492 |     114 |  18.8 |      12 |       5 |  29.4
        D:5 |     560 |     768 |  57.8 |      18 |       2 |  10.0
        D:6 |     770 |       0 |   0.0 |      18 |       0 |   0.0
            +---------+---------+-------+---------+---------+-------
